 Dungeon Crawl Stone Soup version 0.20.1-1-g8b1a95d (webtiles) character file.

1262 Supahsalami the Geomancer (level 8, -1/42 HPs)
             Began as a Gargoyle Earth Elementalist on Nov 2, 2017.
             Slain by Pikel
             ... wielding a +1 whip of flaming
              (4 damage)
             ... on level 6 of the Dungeon.
             The game lasted 01:07:44 (8007 turns).

Supahsalami the Geomancer (GrEE)                    Turns: 8007, Time: 01:07:45

Health: -1/42      AC: 11    Str: 12    XL:     8   Next: 52%
Magic:  5/11       EV: 12    Int: 18    God:
Gold:   211        SH:  0    Dex: 10    Spells: 0/11 levels left

rFire    + . .     SeeInvis .   x - +4 flail
rCold    . . .     Gourm    .   (no shield)
rNeg     + . .     Faith    .   c - +0 robe
rPois    ∞         Spirit   .   a - +0 hat
rElec    +         Reflect  .   u - +2 cloak
rCorr    .         Harm     .   (no gloves)
MR       .....                  z - +0 pair of boots
Stlth    ++........             (no amulet)
Regen    0.2/turn               h - ring of protection from fire
MPRegen  0.2/turn               (no ring)

@: no status effects
A: negative energy resistance 1, electricity resistance, unbreathing,
petrification resistance, rot immunity, AC +5
a: no special abilities


You were on level 6 of the Dungeon.
You were not hungry.

You visited 1 branch of the dungeon, and saw 7 of its levels.
You also visited: Sewer.

You collected 211 gold pieces.

Inventory:

Hand Weapons
 j - a +0 blowgun
 q - a +2 dagger of electrocution
 x - a +4 flail (weapon)
 y - a +3 dagger of speed
Missiles
 o - 33 stones
 w - 23 poisoned needles (quivered)
 A - 60 arrows
Armour
 a - a +0 hat (worn)
 c - a +0 robe (worn)
 u - a +2 cloak (worn)
 z - a +0 pair of boots (worn)
Jewellery
 h - a ring of protection from fire (left hand)
Scrolls
 b - a scroll of enchant armour {unknown}
 i - a scroll of enchant weapon
 k - 2 scrolls of remove curse
 s - a scroll of teleportation
Potions
 f - 2 potions of haste
 l - 2 potions of degeneration {unknown}
 n - 2 potions of curing {unknown}
 r - 4 potions of agility
 t - a potion of might {unknown}
 D - a potion of mutation {unknown}
 F - a potion of flight {unknown}
 H - a potion of heal wounds {unknown}
 J - 2 potions of magic {unknown}
Books
 e - a book of Geomancy

   Spells                             Type                      Level
   a - Sandblast                      Earth                        1
   b - Passwall                       Transmutation/Earth          2
   c - Stone Arrow                    Conjuration/Earth            3
   d - Petrify                        Transmutation/Earth          4
   e - Lee's Rapid Deconstruction     Earth                        5
Comestibles
 d - 5 bread rations
 g - 2 royal jellies
 p - 6 fruits
 v - 5 meat rations


   Skills:
 + Level 0.9 Fighting
 - Level 0.6 Short Blades
 * Level 0.6 Maces & Flails
 + Level 0.0 Armour
 - Level 1.7 Dodging
 + Level 2.4 Stealth
 + Level 2.2 Spellcasting
 + Level 0.9 Conjurations
 - Level 0.7 Transmutations
 + Level 11.7 Earth Magic


You couldn't memorise any spells.
You knew the following spells:

 Your Spells              Type           Power        Failure   Level  Hunger
a - Sandblast             Erth           #####.       1%          1    #......
b - Stone Arrow           Conj/Erth      ###...       3%          3    ###....
c - Passwall              Tmut/Erth      ###.......   1%          2    ##.....
d - Lee's Rapid Deconstr  Erth           #####.....   3%          5    ######.


Dungeon Overview and Level Annotations

Branches:
Dungeon (7/15)
 Temple: D:4-7

Altars:
Nemelex Xobeh
Qazlal
Xom

Shops:
D:4 *

Annotations:
D:3 Robin
D:6 Pikel


Innate Abilities, Weirdness & Mutations

You are resistant to torment.
Your stone body is resilient. (AC +5)
You are immune to poison.
You resist negative energy. (rN+)
You are resistant to electric shocks. (rElec)
You can survive without breathing.
You are immune to petrification.
You are immune to rotting.


Message History

The slave barely misses you.
Casting: Sandblast
Confirm with . or Enter, or press ? or * to list all spells.
Aiming: Sandblast
Press: ? - help, Shift-Dir - straight line, f/p - Pikel
Aim: Pikel, wielding a whip of flaming and wearing a robe (heavily wounded)
The blast of sand hits Pikel.
Pikel is heavily wounded.
o - 33 stones Pikel hits you with a whip of flaming.
* * * LOW HITPOINT WARNING * * *
Pikel burns you.
* * * LOW HITPOINT WARNING * * *
The slave barely misses you.
You barely miss Pikel.
Pikel is heavily wounded.
The slave hits you!
* * * LOW HITPOINT WARNING * * *
Pikel hits you with a whip of flaming.
You die...

### ..# #.# ..
#####.###....
#.pK@........ .
#.###p###### . #....#
. #....#### .#
#[###.......######.#.
.>..........'........
#####.......###....#.
#.......# #.##.#
#.#########.# #


You could see Pikel and 2 slaves.

Vanquished Creatures
  The ghost of veneficus the Poker, an amateur MfSk (D:4)
  A black bear (D:6)
  6 big kobolds (Sewer)
  A wight (D:6)
  2 hounds
  3 orc wizards (D:6)
  3 worker ants
  5 gnolls
  13 adders
  A river rat (Sewer)
  4 oozes
  An adder skeleton (D:4)
  10 worms
  4 dart slugs
  5 leopard geckos
  3 orcs
  7 ball pythons
  5 bats
  6 giant cockroaches
  15 goblins
  12 hobgoblins
  8 jackals
  18 kobolds
  2 quokkas
  6 frilled lizards
  25 rats
167 creatures vanquished.

Notes
Turn   | Place    | Note
-------+----------+-------------------------------------------
     0 | D:1      | Supahsalami the Gargoyle Earth Elementalist began the quest for the Orb.
     0 | D:1      | Reached XP level 1. HP: 10/10 MP: 3/3
   454 | D:2      | Reached skill level 4 in Earth Magic
   491 | D:2      | Reached XP level 2. HP: 15/15 MP: 0/5
   763 | D:1      | Reached XP level 3. HP: 17/19 MP: 4/6
   964 | D:1      | Reached skill level 5 in Earth Magic
  1262 | D:2      | Learned a level 3 spell: Stone Arrow
  2028 | D:1      | Learned a level 2 spell: Passwall
  2292 | D:1      | Reached XP level 4. HP: 8/24 MP: 1/7
  2866 | D:2      | Reached skill level 6 in Earth Magic
  3056 | D:2      | Found a shimmering altar of Xom.
  3435 | D:2      | Reached XP level 5. HP: 28/28 MP: 6/8
  3896 | D:3      | Noticed Robin
  3970 | D:2      | Reached skill level 7 in Earth Magic
  4435 | D:3      | Reached XP level 6. HP: 28/32 MP: 5/9
  4676 | D:2      | Reached skill level 8 in Earth Magic
  5224 | D:4      | Found Volemagguixt's Assorted Antiques.
  5345 | D:4      | Noticed veneficus's ghost (amateur MfSk)
  5499 | D:4      | Found a sparkling altar of Nemelex Xobeh.
  5734 | D:4      | Found a glowing drain.
  5746 | Sewer    | Entered a sewer
  5811 | Sewer    | Reached skill level 9 in Earth Magic
  5811 | Sewer    | Reached XP level 7. HP: 34/36 MP: 1/10
  6224 | Sewer    | Reached skill level 10 in Earth Magic
  6776 | Sewer    | Reached XP level 8. HP: 33/41 MP: 3/11
  6924 | D:4      | Reached skill level 11 in Earth Magic
  6993 | D:5      | Entered Level 5 of the Dungeon
  7012 | D:4      | Killed veneficus's ghost
  7444 | D:4      | Learned a level 5 spell: Lee's Rapid Deconstruction
  7673 | D:7      | Noticed a purple ugly thing
  7762 | D:6      | Found a stormy altar of Qazlal.
  7973 | D:6      | Noticed a manticore
  8000 | D:6      | Noticed Pikel
  8007 | D:6      | Slain by Pikel

Skill      XL: |  1  2  3  4  5  6  7  8 |
---------------+-------------------------+-----
Earth Magic    | 4 5 6 7 9 10 11 | 11.7
Fighting       | |  0.9
Short Blades   | |  0.6
Maces & Flails | |  0.6
Dodging        | |  1.7
Stealth        | |  2.4
Spellcasting   | |  2.2
Conjurations   | |  0.9
Transmutations | |  0.7

Action                   |  1- 3 |  4- 6 |  7- 9 || total
-------------------------+-------+-------+-------++-------
Melee: Unarmed           |   155 |       |       ||   155
       Dagger            |    35 |   182 |    92 ||   309
       Short sword       |       |       |    30 ||    30
       Flail             |       |       |     5 ||     5
Throw: Stone             |    49 |    15 |       ||    64
 Cast: Sandblast         |    30 |    73 |    36 ||   139
       Stone Arrow       |     6 |    14 |    25 ||    45
       Passwall          |       |     1 |       ||     1
  Use: Scroll            |       |       |    12 ||    12
 Stab: Sleeping          |       |     2 |     1 ||     3
  Eat: Chunk             |     6 |    14 |    11 ||    31
Armor: Robe              |    58 |    98 |    57 ||   213
Dodge: Dodged            |   126 |   196 |    55 ||   377
